 Dungeon Sprint DCSS version 0.16-a0-3803-gd4b2de5 (console) character file.

26670 Monkaria the Fencer (level 13, -4/134 HPs)
             Began as a Hill Orc Fighter on Jan 26, 2015.
             Was the Champion of Makhleb.
             Slain by a shock serpent (13 damage)
             ... in the Dungeon (Sprint IX: "|||||||||||||||||||||||||||||").
             The game lasted 00:17:28 (4421 turns).

Monkaria the Fencer (Hill Orc Fighter)              Turns: 4421, Time: 00:17:28

Health: -4/134     AC: 27    Str: 24    XL:     13   Next: 27%
Magic:  31/31      EV:  8    Int: 10    God:    Makhleb [******]
Gold:   1057       SH:  4    Dex: 10    Spells: 0 memorised, 12 levels left

rFire  . . .     SeeInvis .     p - +2 scimitar (flame)
rCold  . . .     Clarity  .     D - +0 plate armour
rNeg   . . .     SustAb   .     M - +0 buckler {rPois}
rPois  +         Gourm    .     r - +0 helmet
rElec  .         Spirit   .     q - +0 cloak
rCorr  .         Warding  .     B - +0 pair of gloves
rMut   .         NoTele   +     y - +0 pair of boots
MR     +....                    (no amulet)
Stlth  ..........               F - ring of protection from magic
                                t - +2 ring of protection

@: somewhat resistant to hostile enchantments, extremely unstealthy
A: hooves 1, clever 1, deterioration 1, screaming 1
a: Minor Destruction, Lesser Servant of Makhleb, Major Destruction, Greater
Servant of Makhleb, Renounce Religion


You were in the Dungeon.
You worshipped Makhleb.
Makhleb was exalted by your worship.
You were not hungry.

You visited 1 branch You collected 1929 gold pieces.
You spent 872 gold pieces at shops.

Inventory:

Hand weapons
 p - a +2 scimitar of flaming (weapon)
 J - a +2 great sword of holy wrath
Missiles
 C - 5 tomahawks (quivered)
 N - a curare-tipped needle
Armour
 c - a +0 shield
 q - a +0 cloak (worn)
 r - a +0 helmet (worn)
 y - a +0 pair of boots (worn)
 B - a +0 pair of gloves (worn)
 D - a +0 plate armour (worn)
 K - a +0 mottled dragon armour
 L - the +2 fire dragon armour of the Kettle-Drum {+Fly rF++ rC- rN+ Str+2}
   (You found it in the Dungeon)

   It affects your strength (+2).
   It greatly protects you from fire.
   It makes you vulnerable to cold.
   It protects you from negative energy.
   It lets you fly.
 M - a +0 buckler of poison resistance (worn)
 O - a +0 shadow dragon armour
Jewellery
 t - a +2 ring of protection (left hand)
 u - a +3 ring of dexterity
 F - a ring of protection from magic (right hand)
 G - an uncursed ring of protection from fire
 H - an uncursed ring of protection from fire
 I - an uncursed ring of see invisible
Magical devices
 o - a wand of fire (8)
 x - a wand of cold (8)
 E - a wand of fireball (4)
Scrolls
 a - 2 scrolls of identify
 b - 5 scrolls of fear
 k - 4 scrolls of blinking
 m - 6 scrolls of remove curse
 n - 2 scrolls of amnesia
 w - a scroll of enchant weapon
Potions
 e - 4 potions of might
 f - a potion of invisibility
 g - a potion of heal wounds
 h - 2 potions of haste
 i - 4 potions of magic
 j - a potion of berserk rage
 l - 4 potions of curing
 P - a potion of agility
Miscellaneous
 v - a phial of floods
Comestibles
 d - 13 meat rations
 z - 40 fruits
 A - 11 bread rations


   Skills:
 * Level 17.8 Fighting
 - Level 19.0 Long Blades
 - Level 18.4 Armour
 - Level 3.2 Shields
 - Level 16.1 Invocations
 - Level 13.3 Evocations


You had 12 spell levels left.
You didn't know any spells.

Dungeon Overview and Level Annotations

Branches:
Dungeon (1/1)

Altars:
Cheibriados
Dithmenos
Elyvilon
Fedhas
Gozag
Kikubaaqudgha
Makhleb
Nemelex Xobeh
Okawaru
Qazlal
Ru
Sif Muna
Trog
Vehumet
Xom
Yredelemnul
Zin
The Shining One
Beogh
Jiyva
Lugonu

Shops:
D }}:(


Innate Abilities, Weirdness & Mutations

You have large cloven feet.
Your mind is acute. (Int +2)
Your body is slowly deteriorating.
You occasionally shout uncontrollably at your foes.


Message History

The naga sharpshooter magically shoots a bolt.
The bolt hits you but does no damage.
You hit the shock serpent. You burn the shock serpent.
The shock serpent is almost dead.
The shock serpent bites you!
* * * LOW HITPOINT WARNING * * *
The shock serpent shocks you!
* * * LOW HITPOINT WARNING * * *
The naga sharpshooter casts a spell.
The naga sharpshooter magically shoots a bolt.
The bolt hits you but does no damage.
Drink which item? (? for menu, Esc to quit)
You feel much better. The shock serpent bites you!
* * * LOW HITPOINT WARNING * * *
The shock serpent shocks you!
* * * LOW HITPOINT WARNING * * *
The shock serpent bites you!
* * * LOW HITPOINT WARNING * * *
The shock serpent shocks you!
You die...

)....))..)...(()..)..['†[.[.∩.∩.∩
▓▓▓▓▓▓▓▓▓▓▓▓▓▓▓▓▓▓▓▓▓▓▓▓▓▓▓▓▓▓▓▓▓
.................................
▓▓▓▓▓▓▓▓▓▓▓▓▓▓▓▓▓▓▓▓▓▓▓▓▓▓▓▓▓▓▓▓▓
)))))...[...[[....)....[)(.))(.(.
▓▓▓▓▓▓▓▓▓▓▓▓▓▓▓▓▓▓▓▓▓▓▓▓▓▓▓▓▓▓▓▓▓
.................................
▓▓▓▓▓▓▓♣♣♣♣♣♣♣♣♣♣▓▓▓▓▓▓▓▓▓▓▓▓▓▓▓▓
......÷'........@SSSSSSSN
▓▓▓▓▓▓▓♣♣♣♣♣♣♣♣♣♣▓▓▓▓▓▓▓▓


You could see a naga sharpshooter, a shock serpent and 6 black mambas.

Vanquished Creatures
  A stone giant (D)
  An ettin (D)
  A yaktaur captain (D)
  A fire dragon (D)
  2 hydras (D)
  3 ogre magi (D)
  2 death yaks (D)
  An orc high priest (D)
  A skeletal warrior (D)
  2 hill giants (D)
  2 deep trolls (D)
  An orc knight (D)
  An orb spider (D)
  2 orc sorcerers (D)
  3 wolf spiders (D)
  A griffon (D)
  A cyclops (D)
  A black mamba (D)
  A moth of wrath (D)
  Joseph (D)
  2 yaktaurs (D)
  3 spiny frogs (D)
  An efreet (D)
  An elf (shapeshifter) (D)
  A demonic crawler (D)
  A fire drake (D)
  6 trolls (D)
  Sonja (D)
  2 bog bodies (D)
  A giant leech (D)
  A redback (D)
  2 slime creatures (D)
  A wraith (D)
  2 trapdoor spiders (D)
  2 yaks (D)
  4 hippogriffs (D)
  An insubstantial wisp (D)
  A water moccasin (D)
  2 vampire mosquitoes (D)
  3 wolves (D)
  7 orc warriors (D)
  A porcupine (D)
  2 big kobolds (D)
  2 crocodiles (D)
  4 orc priests (D)
  5 orc wizards (D)
  A worker ant (D)
  3 adders (D)
  A giant gecko (D)
  6 orcs (D)
  2 bats (D)
  2 hobgoblins (D)
  A jackal (D)
  A quokka (D)
  A ball python skeleton (D)
  A kobold (D)
  2 rats (D)
109 creatures vanquished.

Vanquished Creatures (collateral kills)
  Frederick (D)
  An ogre mage (D)
  3 death yaks (D)
  A catoblepas (D)
  2 iron trolls (D)
  A smoke demon (D)
  A troll (D)
  2 yaks (D)
  2 orc warriors (D)
14 creatures vanquished.

Vanquished Creatures (others)
  3 balrugs (D)
  2 green deaths (D)
  2 blizzard demons (D)
  A plant (D)
8 creatures vanquished.

Grand Total: 131 creatures vanquished

Notes
Turn   | Place    | Note
--------------------------------------------------------------
     0 | D        | Monkaria, the Hill Orc Fighter, began the quest for the Orb.
     0 | D        | Reached XP level 1. HP: 19/19 MP: 1/1
     9 | D        | Reached skill level 4 in Fighting
   202 | D        | Noticed a worker ant
   214 | D        | Reached XP level 2. HP: 21/28 MP: 2/2
   224 | D        | Killed a worker ant
   224 | D        | Reached skill level 5 in Fighting
   224 | D        | Reached skill level 5 in Long Blades
   224 | D        | Reached XP level 3. HP: 23/36 MP: 3/3
   231 | D        | Reached skill level 6 in Long Blades
   351 | D        | Found a glowing silver altar of Zin.
   351 | D        | Found a glowing golden altar of the Shining One.
   351 | D        | Found an ancient bone altar of Kikubaaqudgha.
   351 | D        | Found a basalt altar of Yredelemnul.
   351 | D        | Found a shimmering altar of Xom.
   351 | D        | Found a radiant altar of Vehumet.
   351 | D        | Found an iron altar of Okawaru.
   352 | D        | Found a burning altar of Makhleb.
   353 | D        | Found a deep blue altar of Sif Muna.
   354 | D        | Found a bloodstained altar of Trog.
   355 | D        | Found a sparkling altar of Nemelex Xobeh.
   356 | D        | Found a white marble altar of Elyvilon.
   357 | D        | Found a roughly hewn altar of Beogh.
   358 | D        | Found a viscous altar of Jiyva.
   359 | D        | Found a corrupted altar of Lugonu.
   360 | D        | Found a blossoming altar of Fedhas.
   361 | D        | Became a worshipper of Makhleb the Destroyer
   362 | D        | Found a snail-covered altar of Cheibriados.
   363 | D        | Found a shadowy altar of Dithmenos.
   364 | D        | Found a stormy altar of Qazlal.
   365 | D        | Found an opulent altar of Gozag.
   366 | D        | Found a sacrificial altar of Ru.
   421 | D        | Noticed a hill giant
   421 | D        | Noticed a big kobold
   421 | D        | Noticed a hippogriff
   423 | D        | Acquired Makhleb's first power
   425 | D        | Killed a big kobold
   425 | D        | Reached skill level 7 in Fighting
   425 | D        | Reached skill level 8 in Long Blades
   425 | D        | Reached XP level 4. HP: 44/47 MP: 4/4
   426 | D        | Killed a hippogriff
   426 | D        | Reached skill level 9 in Fighting
   426 | D        | Reached skill level 10 in Long Blades
   426 | D        | Reached XP level 5. HP: 29/57 MP: 5/5
   426 | D        | Reached XP level 6. HP: 32/63 MP: 6/6
   426 | D        | Acquired Makhleb's second power
   429 | D        | Killed a hill giant
   429 | D        | Reached skill level 11 in Fighting
   429 | D        | Reached skill level 14 in Long Blades
   429 | D        | Reached XP level 7. HP: 52/75 MP: 7/7
   536 | D        | Noticed a skeletal warrior
   536 | D        | Noticed a griffon
   536 | D        | Noticed an elf
   536 | D        | Noticed a big kobold
   536 | D        | Noticed an efreet
   536 | D        | Noticed a troll
   553 | D        | Killed a skeletal warrior
   553 | D        | Reached skill level 15 in Long Blades
   553 | D        | Reached XP level 8. HP: 81/85 MP: 8/8
   561 | D        | Killed a griffon
   561 | D        | Acquired Makhleb's third power
   561 | D        | Reached skill level 16 in Long Blades
   561 | D        | Reached XP level 9. HP: 86/93 MP: 9/9
   563 | D        | Killed an elf
   563 | D        | Reached skill level 17 in Long Blades
   575 | D        | Killed a big kobold
   578 | D        | Killed an efreet
   578 | D        | Acquired Makhleb's fourth power
   586 | D        | Killed a troll
   586 | D        | Reached skill level 18 in Long Blades
   595 | D        | Gained mutation: Your body is slowly deteriorating. [mutagenic meat]
   596 | D        | Gained mutation: Your mind is acute. (Int +2) [mutagenic meat]
   597 | D        | Gained mutation: You have large cloven feet. [mutagenic meat]
   598 | D        | Gained mutation: You occasionally shout uncontrollably at your foes. [mutagenic meat]
   938 | D        | Noticed a yak
   938 | D        | Noticed a spiny frog
   938 | D        | Noticed a spiny frog
   938 | D        | Noticed a hippogriff
   941 | D        | Killed a yak
   947 | D        | Noticed a wolf
   948 | D        | Noticed a wolf
   949 | D        | Killed a spiny frog
   949 | D        | Acquired Makhleb's fifth power
   953 | D        | Killed a spiny frog
   963 | D        | Killed a hippogriff
   963 | D        | Reached skill level 10 in Invocations
   963 | D        | Reached XP level 10. HP: 99/101 MP: 11/23
   968 | D        | Killed a wolf
   975 | D        | Killed a wolf
  1032 | D        | Noticed a crocodile
  1032 | D        | Noticed a hippogriff
  1032 | D        | Noticed a spiny frog
  1032 | D        | Noticed a fire drake
  1032 | D        | Noticed a six-headed hydra
  1032 | D        | Noticed a yak
  1032 | D        | Noticed a wolf
  1035 | D        | Noticed a water moccasin
  1035 | D        | Killed a crocodile
  1038 | D        | Killed a hippogriff
  1040 | D        | Noticed a porcupine
  1046 | D        | Killed a spiny frog
  1049 | D        | Killed a fire drake
  1054 | D        | Killed a one-headed hydra
  1054 | D        | Reached skill level 15 in Invocations
  1058 | D        | Killed a yak
  1061 | D        | Killed a wolf
  1073 | D        | Killed a water moccasin
  1076 | D        | Killed a porcupine
  1286 | D        | Noticed a yak
  1286 | D        | Noticed a death yak
  1286 | D        | Noticed a death yak
  1286 | D        | Noticed a catoblepas
  1286 | D        | Noticed a death yak
  1286 | D        | Noticed a death yak
  1286 | D        | Noticed a death yak
  1298 | D        | Killed a death yak
  1364 | D        | Killed a death yak
  1399 | D        | Killed a catoblepas
  1399 | D        | Reached XP level 11. HP: 36/107 MP: 29/29
  1403 | D        | Killed a death yak
  1403 | D        | Reached skill level 10 in Armour
  1407 | D        | Killed a death yak
  1409 | D        | Noticed a yak
  1409 | D        | Killed a death yak
  1409 | D        | Killed a yak
  1475 | D        | Killed a yak
  1799 | D        | Noticed an orc wizard
  1799 | D        | Noticed an orc wizard
  1799 | D        | Noticed an orc priest
  1799 | D        | Noticed an orc wizard
  1799 | D        | Noticed an orc warrior
  1804 | D        | Noticed an orc priest
  1805 | D        | Killed an orc wizard
  1808 | D        | Killed an orc wizard
  1811 | D        | Noticed an orc wizard
  1812 | D        | Killed an orc priest
  1817 | D        | Killed an orc warrior
  1822 | D        | Killed an orc wizard
  1823 | D        | Noticed an orc wizard
  1824 | D        | Noticed an orc warrior
  1826 | D        | Killed an orc priest
  1828 | D        | Killed an orc wizard
  1833 | D        | Killed an orc wizard
  1836 | D        | Killed an orc warrior
  1841 | D        | Noticed an orc priest
  1847 | D        | Killed an orc priest
  1853 | D        | Noticed an orc warrior
  1853 | D        | Noticed an orc warrior
  1853 | D        | Noticed an orc sorcerer
  1853 | D        | Noticed an orc warrior
  1853 | D        | Noticed an orc warrior
  1853 | D        | Noticed an orc priest
  1857 | D        | Noticed an orc sorcerer
  1867 | D        | Killed an orc warrior
  1868 | D        | Killed an orc warrior
  2066 | D        | Killed an orc warrior
  2160 | D        | Killed an orc priest
  2175 | D        | Killed an orc sorcerer
  2202 | D        | Killed an orc sorcerer
  2246 | D        | Killed an orc warrior
  2251 | D        | Noticed an orc warrior
  2263 | D        | Killed an orc warrior
  2297 | D        | Noticed an orc high priest
  2299 | D        | Noticed an orc knight
  2300 | D        | Noticed an orc warrior
  2306 | D        | Killed an orc high priest
  2312 | D        | Killed an orc knight
  2312 | D        | Reached skill level 15 in Armour
  2463 | D        | Killed an orc warrior
  2704 | D        | Found Lujokoson's Gadget Emporium.
  2704 | D        | Noticed a troll
  2704 | D        | Noticed a deep troll
  2704 | D        | Noticed a troll
  2704 | D        | Noticed a troll
  2704 | D        | Noticed a troll
  2704 | D        | Noticed an ogre mage
  2707 | D        | Noticed an iron troll
  2715 | D        | Killed a deep troll
  2718 | D        | Noticed a stone giant
  2718 | D        | Killed a troll
  2722 | D        | Killed a troll
  2724 | D        | Killed a troll
  2725 | D        | Found Crelib's Gadget Shoppe.
  2732 | D        | HP: 1/107 [iron troll (11)]
  2743 | D        | Killed a troll
  2749 | D        | Killed an iron troll
  2752 | D        | Killed an ogre mage
  2989 | D        | Killed a stone giant
  2989 | D        | Reached XP level 12. HP: 56/115 MP: 30/30
  3236 | D        | Found Jeavaosh's Book Emporium.
  3240 | D        | Found Ysoho's Weapon Shoppe.
  3242 | D        | Noticed a troll
  3243 | D        | Noticed a troll
  3244 | D        | Noticed a deep troll
  3246 | D        | Noticed an iron troll
  3251 | D        | Killed a troll
  3254 | D        | Noticed an ogre mage
  3274 | D        | Killed an iron troll
  3280 | D        | Killed a deep troll
  3290 | D        | Killed a troll
  3301 | D        | Killed an ogre mage
  3366 | D        | Bought a phial of floods for 560 gold pieces
  3368 | D        | Bought a wand of cold (8) for 312 gold pieces
  3392 | D        | Noticed Joseph
  3411 | D        | Killed Joseph
  3411 | D        | Reached skill level 19 in Long Blades
  3515 | D        | Got the +2 fire dragon armour of the Kettle-Drum {+Fly rF++ rC- rN+ Str+2}
  3574 | D        | Noticed an ogre mage
  3574 | D        | Noticed a wraith
  3574 | D        | Noticed a six-headed hydra
  3574 | D        | Noticed a hill giant
  3574 | D        | Noticed a cyclops
  3574 | D        | Noticed an orc warrior
  3582 | D        | Killed an ogre mage
  3583 | D        | Noticed a hippogriff
  3584 | D        | Killed a wraith
  3588 | D        | Killed a two-headed hydra
  3589 | D        | Noticed a yaktaur captain
  3593 | D        | Noticed a fire dragon
  3599 | D        | Noticed an ettin
  3599 | D        | Killed a hill giant
  3605 | D        | Killed a cyclops
  3610 | D        | Killed an orc warrior
  3614 | D        | Killed a hippogriff
  3628 | D        | Killed a yaktaur captain
  3628 | D        | Reached skill level 10 in Evocations
  3629 | D        | Noticed a slime creature
  3638 | D        | Killed a fire dragon
  3654 | D        | Killed an ettin
  3654 | D        | Killed a slime creature
  3872 | D        | Noticed a yaktaur
  3873 | D        | Noticed an ogre mage
  3874 | D        | Noticed a yaktaur
  3886 | D        | Killed an ogre mage
  3893 | D        | Killed a yaktaur
  3898 | D        | Killed a yaktaur
  4033 | D        | Noticed Sonja
  4034 | D        | Killed Sonja
  4037 | D        | Noticed Frederick
  4047 | D        | Killed Frederick
  4047 | D        | Reached XP level 13. HP: 122/125 MP: 31/31
  4128 | D        | Noticed an orb spider
  4128 | D        | Noticed a redback
  4128 | D        | Noticed a demonic crawler
  4128 | D        | Noticed a moth of wrath
  4128 | D        | Noticed a wolf spider
  4134 | D        | Killed an orb spider
  4135 | D        | Killed a redback
  4135 | D        | Reached skill level 15 in Fighting
  4136 | D        | Noticed a wolf spider
  4145 | D        | Killed a demonic crawler
  4150 | D        | Killed a moth of wrath
  4151 | D        | Noticed a wolf spider
  4155 | D        | Killed a wolf spider
  4167 | D        | Killed a wolf spider
  4174 | D        | Killed a wolf spider
  4179 | D        | Noticed a trapdoor spider
  4185 | D        | Killed a trapdoor spider
  4187 | D        | Noticed a trapdoor spider
  4190 | D        | Killed a trapdoor spider
  4281 | D        | Noticed a bog body
  4281 | D        | Noticed a vampire mosquito
  4281 | D        | Noticed a giant leech
  4281 | D        | Noticed a crocodile
  4281 | D        | Noticed an insubstantial wisp
  4281 | D        | Noticed a slime creature
  4286 | D        | Noticed a vampire mosquito
  4289 | D        | Noticed a bog body
  4291 | D        | Killed a bog body
  4292 | D        | Killed a vampire mosquito
  4304 | D        | Killed a giant leech
  4316 | D        | Killed a crocodile
  4333 | D        | Killed a slime creature
  4336 | D        | Killed a vampire mosquito
  4346 | D        | Killed a bog body
  4351 | D        | Killed an insubstantial wisp
  4401 | D        | Noticed a black mamba
  4401 | D        | Noticed a black mamba
  4401 | D        | Noticed a black mamba
  4401 | D        | Noticed a black mamba
  4401 | D        | Noticed a black mamba
  4401 | D        | Noticed a shock serpent
  4401 | D        | Noticed a black mamba
  4407 | D        | Noticed a black mamba
  4409 | D        | Killed a black mamba
  4412 | D        | Noticed a naga sharpshooter
  4421 | D        | Slain by a shock serpent

Action                   |  1- 3 |  4- 6 |  7- 9 | 10-12 | 13-15 || total
-------------------------+-------+-------+-------+-------+-------++-------
Melee: Long sword        |    47 |       |       |       |       ||    47
       Scimitar          |     2 |     3 |    73 |   310 |   108 ||   496
Invok: Greater Servant o |       |       |       |     9 |       ||     9
Evoke: Wand              |     1 |     2 |       |     3 |       ||     6
       Phial of floods   |       |       |       |     1 |       ||     1
  Use: Potion            |     1 |       |       |     5 |     3 ||     9
       Scroll            |       |       |       |     2 |       ||     2
 Stab: Petrified         |       |       |       |     2 |       ||     2
  Eat: Chunk             |       |       |     4 |     6 |     1 ||    11
       Bread ration      |       |       |       |     1 |       ||     1
       Beef jerky        |       |       |       |     1 |       ||     1
